 Dungeon Crawl Stone Soup version 0.30.1-4-g462c640d31 (webtiles) character file.

Game seed: 10827294329930684729

26926 snarfax the Severer (level 13, -1/76 HPs)
             Began as a Gargoyle Berserker on Sept 12, 2023.
             Was a High Priest of Trog.
             Slain by a ten-headed hydra (7 damage)
             ... on level 2 of the Lair of Beasts on Sept 13, 2023.
             The game lasted 00:31:14 (10085 turns).

snarfax the Severer (Gargoyle Berserker)           Turns: 10085, Time: 00:31:16

Health: -1/76      AC: 42    Str: 32    XL:     13   Next: 29%
Magic:  13/13      EV:  6    Int:  8    God:    Trog [*****.]
Gold:   704        SH:  0    Dex:  9    Spells: 12/12 levels left

rFire   + + .        I - +4 scimitar (flame)
rCold   + . .        (no shield)
rNeg    + . .        j - +3 crystal plate armour
rPois   ∞            w - +3 helmet of Weucwoit {rPois rF+}
rElec   +            e - scarf {rC+ rF+}
rCorr   .            O - +2 pair of gloves {Stlth+}
SInv    .            (no boots)
Will    .....        B - amulet of the acrobat Stlth
                     h - +6 ring of strength
HPRegen 0.32/turn    i - +4 ring of protection
MPRegen 0.13/turn

%: acrobat
@: no status effects
A: sickness immunity, AC +9, negative energy resistance 1, electricity
resistance, torment resistance 1, petrification resistance
a: Renounce Religion, Berserk, Trog's Hand, Brothers in Arms


You were on level 2 of the Lair of Beasts.
You worshipped Trog.
Trog was extremely pleased with you.
You visited 3 branches of the dungeon, and saw 13 of its levels.
You also visited: Gauntlet.

You collected 704 gold pieces.

Inventory:

Hand Weapons
 o - the +0 war axe "Veupam" {spect, rN+ Str+3}
   (You found it on level 2 of the Dungeon)

   Str:       It affects your strength (+3).
   rN:        It protects you from negative energy.
 C - a +3 antimagic broad axe
 I - a +4 scimitar of flaming (weapon)
Missiles
 d - 7 poisoned darts
 u - 6 boomerangs of dispersal
 A - 22 javelins (quivered)
 N - 5 atropa-tipped darts
Armour
 e - a scarf of resistance (worn)
 j - a +3 crystal plate armour (worn)
 s - a +0 cloak
 w - the +3 helmet of Weucwoit (worn) {rPois rF+}
   (You took it off Robin on level 3 of the Dungeon)

   rF:        It protects you from fire.
   rPois:     It protects you from poison.
 D - a +1 pair of gloves of hurling
 O - a +2 pair of gloves of stealth (worn)
Jewellery
 h - a +6 ring of strength (left hand)
 i - a +4 ring of protection (right hand)
 m - an amulet of faith
 y - a ring of see invisible
 B - an amulet of the acrobat (around neck)
 G - a +6 ring of dexterity
 H - a ring of magical power
 J - a ring of protection from fire
 R - a ring of ice
Wands
 L - a wand of charming (7)
Scrolls
 f - 5 scrolls of vulnerability
 l - 3 scrolls of torment
 r - 3 scrolls of summoning
 x - 5 scrolls of magic mapping
 E - 2 scrolls of teleportation
 M - 2 scrolls of identify
 P - a scroll of poison {unknown}
 Q - a scroll of blinking {unknown}
Potions
 a - 3 potions of invisibility
 c - a potion of ambrosia
 g - 6 potions of curing
 k - 4 potions of heal wounds
 n - 2 potions of might
 p - 2 potions of brilliance
 q - 2 potions of resistance
 t - 5 potions of flight
 v - 2 potions of degeneration
 z - 2 potions of lignification
 F - a potion of magic
 K - 4 potions of mutation


   Skills:
 + Level 7.4 Fighting
 + Level 17.2(17.8) Axes
 - Level 8.0(14.4) Maces & Flails
 + Level 7.0 Armour
 - Level 1.5 Dodging


You had 12 spell levels left.
You didn't know any spells.
Your spell library was empty.

Dungeon Overview and Level Annotations

Branches:
Dungeon (9/15)             Temple (1/1) D:6            Lair (3/5) D:9
 Spider (0/4) Lair:2      Gauntlet (visited)
  Swamp: Lair:2-3    Shoals: Lair:2-3       Orc: D:9-12

Altars:
Ashenzari
Cheibriados
Dithmenos
Elyvilon
Hepliaklqana
Kikubaaqudgha
Makhleb
Nemelex Xobeh
Okawaru
Qazlal
Ru
Sif Muna
Trog
Uskayaw
Vehumet
Wu Jian
Xom
Yredelemnul
Zin
The Shining One

Shops:
D:3 *

Annotations:
Lair:1 1 runed translucent door, Coesosos's ghost, novice DrCj


Innate Abilities, Weirdness & Mutations

You are immune to sickness and miasma.
Your stone body is resilient. (AC +9)
You are immune to poison.
You resist negative energy. (rN+)
You are resistant to electric shocks. (rElec)
You are resistant to unholy torment.
You are immune to petrification.


Message History

The eight-headed hydra grows two more!
Your +0 war axe "Veupam" {spect, rN+ Str+3} hits the cane toad.
You kill the cane toad!
Trog accepts your kill.
The ten-headed hydra bites you but does no damage. x4
The ten-headed hydra bites you.
The ten-headed hydra bites you but does no damage. x4
The ten-headed hydra barely misses you.
Your Armour skill increases to level 7!
Unknown command.
Your +0 war axe "Veupam" {spect, rN+ Str+3} disappears.
The ten-headed hydra barely misses you.
The ten-headed hydra bites you but does no damage. x3
The ten-headed hydra bites you.
The ten-headed hydra bites you but does no damage. x2
The ten-headed hydra bites you. The ten-headed hydra bites you! x2
You climb upwards.
There is a stone staircase leading down here.
You see here a +5 antimagic battleaxe.
Your +4 scimitar of flaming bursts into flame!
I - a +4 scimitar of flaming (weapon)
You barely miss the ten-headed hydra.
The ten-headed hydra is lightly wounded.
The ten-headed hydra bites you but does no damage. x2
The ten-headed hydra bites you.
The ten-headed hydra bites you but does no damage. x5
The ten-headed hydra bites you!
The ten-headed hydra bites you but does no damage. x2
The ten-headed hydra bites you!
* * * LOW HITPOINT WARNING * * *
The ten-headed hydra bites you but does no damage. x2
The ten-headed hydra barely misses you.
The ten-headed hydra bites you but does no damage. x5
As you read the scroll of fear, it crumbles to dust.
You assume a fearsome visage.
The ten-headed hydra easily resists.
The ten-headed hydra bites you!
* * * LOW HITPOINT WARNING * * *
The ten-headed hydra bites you but does no damage. x6
The ten-headed hydra bites you!
You die...

....~~≈≈≈≈~.~~~~♣♣...............
...~P~~~~≈~.~~~♣♣................
..~~~~~~~≈~.~~~♣..<..............
...♣~~~~~~~.P~P..................
....~~~~~~♣.♣~...................
.....♣♣♣~P.......................
.................................
#################################
♣...♣...♣...♣♣##@†>##♣♣♣♣♣♣...♣♣♣
..♣...#...♣..♣#..D..#♣.♣.♣.~~~.♣.
♣♣♣♣♣#.#♣♣♣♣♣.∩.....[......~~~...
..♣...#††.♣..♣#.....#♣.♣.♣.~~~.♣.
♣...♣..[♣...♣♣##.>.##♣♣♣♣♣♣...♣♣♣
#####♣.♣##### ##### #♣.♣###
...#♣...♣# ♣.♣ ♣.♣♣#. ...#.♣♣♣.#
♣♣♣♣♣♣.♣♣♣♣♣♣ ♣♣.♣#. ...#.♣ ♣.#
♣...........♣ ♣♣.♣♣#[


You could see a ten-headed hydra.

Vanquished Creatures
  Gastronok (Lair:2)
  A minotaur (Gauntlet)
  Fannar (Lair:2)
  Erica (Lair:1)
  A death yak (Lair:2)
  Urug (Lair:2)
  A skyshark (Lair:1)
  3 sixfirhies (Gauntlet)
  An oklob plant (Lair:1)
  A moth of wrath (Gauntlet)
  3 black mambas (Lair:2)
  A torpor snail (Lair:2)
  7 cane toads
  A rime drake (Lair:2)
  5 komodo dragons
  A troll (D:6)
  A hornet (D:8)
  8 blink frogs
  A shadow (D:6)
  3 centaur simulacra (Gauntlet)
  A jumping spider (Lair:2)
  3 wyverns
  Eustachio (D:6)
  38 yaks
  A basilisk (D:9)
  3 steam dragons
  11 water moccasins
  3 ice beasts
  2 orc warriors (D:8)
  4 black bears
  5 ogres
  4 wolves (Gauntlet)
  A centaur (D:8)
  3 phantoms
  8 bullfrogs
  4 scorpions
  2 water moccasin zombies (D:5)
  9 wights
  A hornet simulacrum (Gauntlet)
  A water moccasin skeleton (D:5)
  7 electric eels
  4 howler monkeys
  2 jellies
  3 bullfrog zombies (D:5)
  2 centaur skeletons (D:5)
  3 gnoll boudas
  6 orc priests
  2 hounds
  A sleepcap (D:6)
  3 iguanas
  6 orc wizards
  3 hound zombies (D:5)
  Robin (D:3)
  12 gnolls
  4 adders
  A shadow imp (D:5)
  An adder zombie (D:5)
  3 worms
  A dart slug (D:2)
  23 orcs
  6 bats
  A bat zombie (D:7)
  4 endoplasms
  5 giant cockroaches
  12 goblins
  7 hobgoblins
  3 kobolds
  5 quokkas
  3 ball pythons
  A frilled lizard (D:3)
  5 rats
  A rat zombie (D:7)
289 creatures vanquished.

Vanquished Creatures (collateral kills)
  A water moccasin (Lair:1)
1 creature vanquished.

Vanquished Creatures (others)
  2 spectral weapons (Lair:2)
2 creatures vanquished.

Grand Total: 292 creatures vanquished

Notes
Turn   | Place    | Note
-------+----------+-------------------------------------------
     0 | D:1      | snarfax the Gargoyle Berserker began the quest for the Orb.
     0 | D:1      | Reached XP level 1. HP: 14/14 MP: 1/1
   308 | D:1      | Reached XP level 2. HP: 19/19 MP: 2/2
   750 | D:2      | Reached XP level 3. HP: 15/23 MP: 3/3
  1058 | D:2      | Identified the +0 war axe "Veupam" {spect, rN+ Str+3}
  1820 | D:3      | Reached ** piety under Trog
  1978 | D:3      | Found an ornate altar of the Wu Jian Council.
  2083 | D:3      | Found Lenwarug's Assorted Antiques.
  2087 | D:3      | Reached XP level 4. HP: 24/28 MP: 4/4
  2100 | D:3      | Reached skill level 5 in Maces & Flails
  2252 | D:3      | Identified the +3 helmet of Weucwoit {rPois rF+}
  2252 | D:3      | Noticed Robin
  2266 | D:3      | Killed Robin
  2333 | D:3      | Found a faded altar of an unknown god.
  2437 | D:3      | Found an iron altar of Okawaru.
  2538 | D:4      | Reached XP level 5. HP: 32/32 MP: 5/5
  2605 | D:4      | Noticed an ogre
  2626 | D:4      | Killed an ogre
  2627 | D:4      | Reached XP level 6. HP: 35/37 MP: 6/6
  2778 | D:4      | Reached XP level 7. HP: 41/41 MP: 7/7
  3158 | D:4      | Reached *** piety under Trog
  3159 | D:4      | Reached skill level 1 in Axes
  3221 | D:5      | Entered Level 5 of the Dungeon
  3236 | D:5      | Reached skill level 2 in Axes
  3361 | D:5      | Reached skill level 3 in Axes
  3479 | D:5      | Reached skill level 4 in Axes
  3479 | D:5      | Reached XP level 8. HP: 46/46 MP: 8/8
  3496 | D:5      | Reached skill level 5 in Axes
  3836 | D:5      | Reached skill level 6 in Axes
  4374 | D:6      | Reached **** piety under Trog
  4425 | D:6      | Noticed Eustachio
  4437 | D:6      | Killed Eustachio
  4438 | D:6      | Reached skill level 7 in Axes
  4455 | D:6      | Reached XP level 9. HP: 46/51 MP: 9/9
  4482 | D:6      | Found a hide-covered altar of Uskayaw.
  4493 | D:6      | Reached skill level 8 in Axes
  4730 | D:6      | Found a staircase to the Ecumenical Temple.
  4739 | Temple   | Entered the Ecumenical Temple
  4875 | D:6      | Found a shimmering altar of Xom.
  5030 | D:7      | Reached skill level 9 in Axes
  5050 | D:7      | Noticed a troll
  5087 | D:6      | Killed a troll
  5202 | D:6      | Reached skill level 10 in Axes
  5339 | D:7      | Reached XP level 10. HP: 56/56 MP: 10/10
  5433 | D:7      | Reached skill level 11 in Axes
  5740 | D:7      | Found an ancient bone altar of Kikubaaqudgha.
  5944 | D:8      | Reached ***** piety under Trog
  6077 | D:8      | Found a radiant altar of Vehumet.
  6079 | D:8      | Found a hazy altar of Hepliaklqana.
  6079 | D:8      | Found a white marble altar of Elyvilon.
  6080 | D:8      | Found a shimmering blue altar of Sif Muna.
  6137 | D:8      | Reached skill level 12 in Axes
  6517 | D:8      | Reached skill level 13 in Axes
  6566 | D:9      | Reached XP level 11. HP: 49/60 MP: 11/11
  6573 | D:9      | Found a staircase to the Lair.
  6594 | Lair:1   | Entered Level 1 of the Lair of Beasts
  6612 | Lair:1   | Noticed Coesosos's ghost (novice DrCj)
  6614 | Lair:1   | Found a runed translucent door.
  6643 | Lair:1   | Noticed a skyshark
  6652 | Lair:1   | Killed a skyshark
  6659 | Lair:1   | Found a gate leading to a gauntlet.
  6666 | Lair:1   | Noticed Erica
  6674 | Lair:1   | Reached skill level 14 in Axes
  6686 | Lair:1   | Killed Erica
  6711 | Gauntlet | Entered a Gauntlet
  6711 | Gauntlet | Found a runed translucent gate.
  6711 | Gauntlet | Found a transporter.
  6711 | Gauntlet | Found a runed translucent gate.
  6711 | Gauntlet | Found a runed translucent gate.
  6711 | Gauntlet | Found a transporter.
  6728 | Gauntlet | Noticed a catoblepas
  6770 | Gauntlet | Found a transporter.
  6770 | Gauntlet | Found a transporter.
  6774 | Gauntlet | Found a transporter.
  6774 | Gauntlet | Found a transporter.
  6806 | Gauntlet | Noticed a moth of wrath
  6808 | Gauntlet | Found a transporter.
  6812 | Gauntlet | Found a transporter.
  6815 | Gauntlet | Noticed a sixfirhy
  6816 | Gauntlet | Found a runed translucent door.
  6816 | Gauntlet | Found a runed translucent door.
  6817 | Gauntlet | Noticed a sixfirhy
  6820 | Gauntlet | Found a transporter.
  6821 | Gauntlet | Noticed a sixfirhy
  6835 | Gauntlet | Noticed a catoblepas
  6837 | Gauntlet | Found a transporter.
  6852 | Gauntlet | Found a transporter.
  6856 | Gauntlet | Found a transporter.
  6908 | Gauntlet | Received a gift from Trog
  6960 | Gauntlet | Killed a moth of wrath
  6967 | Gauntlet | Identified the +1 helmet of Wiefeq {Harm rPois rC+}
  7044 | Gauntlet | Killed a sixfirhy
  7055 | Gauntlet | Killed a sixfirhy
  7056 | Gauntlet | Reached skill level 15 in Axes
  7060 | Gauntlet | Killed a sixfirhy
  7094 | Gauntlet | Noticed a minotaur
  7103 | Gauntlet | Killed a minotaur
  7393 | Lair:1   | Reached XP level 12. HP: 64/64 MP: 12/12
  7824 | Lair:1   | Reached skill level 16 in Axes
  8161 | Lair:2   | Noticed Gastronok
  8207 | Lair:2   | Killed Gastronok
  8377 | Lair:2   | Noticed a death yak
  8386 | Lair:2   | Killed a death yak
  8411 | Lair:2   | Reached skill level 5 in Fighting
  8704 | Lair:2   | Reached skill level 5 in Armour
  9148 | Lair:2   | Reached skill level 17 in Axes
  9148 | Lair:2   | Reached XP level 13. HP: 60/74 MP: 13/13
  9220 | Lair:2   | Noticed Fannar
  9313 | Lair:2   | Noticed Urug
  9322 | Lair:2   | Killed Urug
  9435 | Lair:2   | Found a hole to the Spider Nest.
  9931 | Lair:2   | Received a gift from Trog
  9963 | Lair:2   | Killed Fannar
 10085 | Lair:2   | Slain by a ten-headed hydra

Illustrated notes

Levels and vault maps discovered:
D:1:      minmay_arrival_five_plusses, layout_loops_cross, eino_curves_03
D:2:      layout_basic, minmay_cut_off
D:3:      layout_loops_ring, marbit_many_paths, nzn_wu_jian_contemplation,
          hellmonk_ecumenical_altar_heavens_door, serial_shops,
          nicolae_shop_pleasant_corner_grove, uniq_robin
D:4:      layout_basic, minmay_between
D:5:      layout_gridville, serial_undead, serial_undead_f, serial_undead_f,
          serial_undead_d, serial_undead_f
D:6:      layout_basic, lemuel_round_altar, mainiacjoe_overflow_catwalk,
          minmay_temple_entry_tees, uniq_eustachio
D:7:      layout_cave_pools, lemuel_zombie_altar_kikubaaqudgha
D:8:      layout_loops_ring, grunt_temple_overflow_open, solitary_fountain
D:9:      layout_basic, mainiacjoe_overflow_catch_the_wave,
          minmay_lair_entry_grove, gammafunk_ghost_stat_death,
          minmay_misc_feat_tiny
Temple:   hellmonk_temple_of_storms
Lair:1:   layout_big_grid, gauntlet_entry_generic,
          hellmonk_ghost_happy_afterlife, gammafunk_lair_bear_cave, uniq_erica
Lair:2:   nzn_winding_woodlands_stair_trap
          [nzn_winding_woodlands_5x15_split_checker,
          nzn_winding_woodlands_5x15_concentric,
          nzn_winding_woodlands_5x15_zeroes,
          nzn_winding_woodlands_15x15_killbox, nzn_winding_woodlands_5x15_cabin,
          nzn_winding_woodlands_5x15_twine, nzn_winding_woodlands_5x15_pool],
          layout_regular_city, spider_nest_entry_rubble, serial_bayou,
          serial_bayou_pond_a, serial_bayou_pond_a, serial_bayou_lagoon_b,
          serial_bayou_lake_a, uniq_gastronok, uniq_urug, uniq_fannar
Lair:3:   layout_hall_layers, shoals_dummy_entry, worms_lemuel, uniq_amaemon

Skill      XL: |  1  2  3  4  5  6  7  8  9 10 11 12 13 |
---------------+----------------------------------------+-----
Maces & Flails | 4 5 6 7 8 |  8.0
Axes           | 4 7 10 13 15 17 | 17.2
Fighting       | 6 7 |  7.4
Armour         | 5 7 |  7.0
Dodging        | |  1.5

Action                     |  1- 3 |  4- 6 |  7- 9 | 10-12 | 13-15 || total
---------------------------+-------+-------+-------+-------+-------++-------
  Melee: Mace              |    74 |       |       |       |       ||    74
         War axe           |    24 |    58 |   199 |   385 |    72 ||   738
         Punch             |       |     1 |     1 |     4 |       ||     6
         Scimitar          |       |       |       |       |     1 ||     1
  Throw: Dart              |       |     4 |       |     5 |       ||     9
         Javelin           |       |       |       |       |     3 ||     3
 Invoke: Berserk           |       |       |       |     4 |       ||     4
         Trog's Hand       |       |       |       |     2 |       ||     2
    Use: Scroll            |     5 |     5 |     4 |    10 |     1 ||    25
   Stab: Distracted        |       |       |     1 |     3 |     1 ||     5
 Armour: Animal skin       |    17 |       |       |       |       ||    17
         Leather armour    |    18 |       |       |       |       ||    18
         Crystal plate arm |     5 |    60 |   214 |   247 |    90 ||   616
         Ring mail         |     4 |       |       |       |       ||     4
  Dodge: Dodged            |    68 |    16 |    56 |   110 |    24 ||   274
